 Dungeon Crawl Stone Soup version 0.22-a0-86-g94e0ad4 (webtiles) character file.

2 oplop the Sneak (level 1, -5/9 HPs)
             Began as a Vine Stalker Enchanter on Jan 21, 2018.
             Slain by a hobgoblin
             ... wielding a +0 club
              (7 damage)
             ... on level 1 of the Dungeon.
             The game lasted 00:00:19 (87 turns).

oplop the Sneak (Vine Stalker Enchanter)              Turns: 87, Time: 00:00:19

Health: -5/9       AC:  2    Str: 10    XL:     1   Next: 30%
Magic:  0/4        EV: 12    Int: 15    God:
Gold:   15         SH:  0    Dex: 14    Spells: 3/4 levels left

rFire    . . .     SeeInvis .   a - +1 dagger
rCold    . . .     Gourm    .   (no shield)
rNeg     . . .     Faith    .   b - +0 robe
rPois    .         Spirit   +   (no helmet)
rElec    .         Reflect  .   (no cloak)
rCorr    .         Harm     .   (no gloves)
MR       .....                  (no boots)
Stlth    ++........             (no amulet)
HPRegen  0.03/turn              (no ring)
MPRegen  0.09/turn              (no ring)

@: no status effects
A: fangs 2, magic shield, antimagic bite, no potion heal 3, rot immunity
a: no special abilities


You were on level 1 of the Dungeon.
You were not hungry.

You visited 1 branch of the dungeon, and saw 1 of its levels.

You collected 15 gold pieces.

Inventory:

Hand Weapons
 a - a +1 dagger (weapon)
Armour
 b - a +0 robe (worn)
Books
 c - a book of Maledictions

   Spells                             Type                      Level
   a - Corona                         Hexes                        1
   b - Ensorcelled Hibernation        Hexes/Ice                    2
   c - Confuse                        Hexes                        3
   d - Tukima's Dance                 Hexes                        3
   e - Dazzling Spray                 Conjuration/Hexes            3
Comestibles
 d - a ration


   Skills:
 + Level 0.9 Short Blades
 - Level 1.5 Dodging
 + Level 3.6 Stealth
 * Level 2.2 Spellcasting
 * Level 3.0 Hexes


You had 3 spell levels left.
You knew the following spells:

 Your Spells              Type           Power        Failure   Level  Hunger
a - Corona                Hex            ##.....      6%          1    #......


Dungeon Overview and Level Annotations

Branches:
Dungeon (1/15)

Altars:


Innate Abilities, Weirdness & Mutations

You have extremely sharp teeth.
When hurt, damage is shared between your health and your magic reserves.
Your bite disrupts and absorbs the magic of your enemies.
Potions cannot restore your health.
You are immune to rotting.


Message History

You closely miss the hobgoblin. You bite the hobgoblin. You drain its power.
The hobgoblin is severely wounded.
The hobgoblin hits you with a club!
Ouch! That really hurt!
You are too injured to fight recklessly!
You are too injured to fight recklessly!
You hit the hobgoblin but do no damage.
The hobgoblin is severely wounded.
The hobgoblin hits you with a club.
* * * LOW HITPOINT WARNING * * *
You closely miss the hobgoblin. Your bite misses the hobgoblin.
The hobgoblin is severely wounded.
Casting: Corona
Confirm with . or Enter, or press ? or * to list all spells.
Aiming: Corona
Press: ? - help, Shift-Dir - straight line, f - hobgoblin
Aim: a hobgoblin, wielding a club (severely wounded, chance to defeat MR: 63%)
The hobgoblin is outlined in light.
The hobgoblin hits you with a club!
Ouch! That really hurt!
You die...

###### ..... ..#
#######..... .....
#.# #...........
......#.#
#.#####.....
......#.# #.#
#..... ......#.##
#.# #####.##
.......g.# #.#
#.....#
.........#######.#
##.####
.........g@......#
#.#
..#####.##########
#.##### #.#
######.##... ...
...........## ####
##########.# ..#
#### # #####


You could see 2 hobgoblins.

Vanquished Creatures
  A frilled lizard (D:1)
  A goblin (D:1)
  A kobold (D:1)
3 creatures vanquished.

Notes
Turn   | Place    | Note
-------+----------+-------------------------------------------
     0 | D:1      | oplop the Vine Stalker Enchanter began the quest for the Orb.
     0 | D:1      | Reached XP level 1. HP: 9/9 MP: 4/4
    87 | D:1      | Slain by a hobgoblin

Vault maps used:
D:1:      minmay_arrival_stair_chambers

Action                   || total
-------------------------++-------
Melee: Dagger            ||    10
       Bite              ||     3
 Cast: Corona            ||     1
Dodge: Dodged            ||     4

Table legend:
 A = Spawn XP
 B = Non-spawn XP
 C = Spawn XP percentage of total XP
 D = Spawn monster count
 E = Non-spawn monster count
 F = Spawn count percentage of total count
 G = Total turns spent on level
                    A         B        C        D         E        F      G
               +---------+---------+-------+---------+---------+-------+---------
         Total |       0 |       3 |   0.0 |       0 |       3 |   0.0 |    87
               +---------+---------+-------+---------+---------+-------+---------
           D:1 |       0 |       3 |   0.0 |       0 |       3 |   0.0 |    87
               +---------+---------+-------+---------+---------+-------+---------
